 Dungeon Crawl Stone Soup version 0.27-a0-1548-gf8a67e7463 (webtiles) character file.

Game seed: 7170817376650277856

51 PentaManta the Skirmisher (level 3, 0/33 HPs)
             Began as a Ghoul Abyssal Knight on July 14, 2021.
             Was a Believer of Lugonu.
             Slain by a kobold (5 damage)
             ... on level 4 of the Dungeon.
             The game lasted 00:02:17 (1427 turns).

PentaManta the Skirmisher (Ghoul Abyssal Knight)    Turns: 1427, Time: 00:02:18

Health: 0/33       AC:  3    Str: 16    XL:     3   Next: 83%
Magic:  3/3        EV: 11    Int:  7    God:    Lugonu [**....]
Gold:   35         SH:  0    Dex:  8    Spells: 2/2 levels left

rFire    . . .     SeeInvis .     - Unarmed
rCold    + . .     Faith    .   (no shield)
rNeg     + + +     Spirit   .   a - +0 leather armour
rPois    ∞         Reflect  .   (no helmet)
rElec    .         Harm     .   (no cloak)
rCorr    .         Rampage  .   (no gloves)
Will     .....                  (no boots)
Stlth    +.........             (no amulet)
HPRegen  0.00/turn              (no ring)
MPRegen  0.08/turn              (no ring)

@: no status effects
A: claws 1, cold resistance 1, negative energy resistance 3, inhibited
regeneration, torment resistance 2
a: Renounce Religion, Depart the Abyss, Bend Space


You were on level 4 of the Dungeon.
You worshipped Lugonu.
Lugonu was pleased with you.
You visited 1 branch of the dungeon, and saw 4 of its levels.
You visited the Abyss 1 time.

You collected 35 gold pieces.

Inventory:

Hand Weapons
 h - a +0 hunting sling
Missiles
 i - 19 stones
Armour
 a - a +0 leather armour (worn)
 g - a +0 pair of gloves
Scrolls
 c - a scroll of identify {unknown}
 d - 2 scrolls of enchant weapon {unknown}
Potions
 b - a potion of invisibility {unknown}
 e - 2 potions of flight {unknown}
 f - a potion of curing {unknown}


   Skills:
 - Level 4.0 Fighting
 - Level 2.0 Armour
 - Level 1.2 Dodging
 + Level 3.2 Unarmed Combat
 - Level 2.2 Invocations


You had 2 spell levels left.
You didn't know any spells.
Your spell library was empty.

Dungeon Overview and Level Annotations

Branches:
Dungeon (4/15)
 Temple: D:4-7

Altars:

Shops:
D:2 *


Innate Abilities, Weirdness & Mutations

You thrive by killing the living.
You are immune to poison.
You have sharp fingernails.
Your flesh is cold resistant. (rC+)
You are immune to negative energy. (rN+++)
You do not regenerate when monsters are visible.
You are immune to unholy pain and torment.


Message History

Found a hand axe.
There is a stone staircase leading up here.
You scratch the gnoll but do no damage. The gnoll hits you with a +0 club.
You scratch the gnoll but do no damage. The gnoll hits you with a +0 club.
You completely miss the gnoll. The gnoll hits you with a +0 club.
You barely miss the gnoll. The gnoll barely misses you.
The hobgoblin closely misses you. The hobgoblin hits you.
* * * LOW HITPOINT WARNING * * *
The hobgoblin hits you.
* * * LOW HITPOINT WARNING * * *
Found a stone staircase leading down.
Found a ring mail and a dagger.
Found a sapphire potion.
Found 15 poisoned darts.
There is a stone staircase leading down here.
The hobgoblin barely misses you.
You climb downwards.
Found 19 gold pieces.
There is a stone staircase leading up here.
You scratch the hobgoblin but do no damage.
The hobgoblin hits you but does no damage.
You scratch the hobgoblin but do no damage.
The hobgoblin closely misses you.
You scratch the hobgoblin.
The hobgoblin is severely wounded.
The hobgoblin hits you.
* * * LOW HITPOINT WARNING * * *
You claw the hobgoblin!
You kill the hobgoblin!
Lugonu accepts your kill.
You see here a hobgoblin corpse.
There is a stone staircase leading up here.
You start resting.
A kobold comes into view. It is wielding a +0 short sword.
A kobold is nearby!
The kobold shouts!
Okay, then.
The kobold hits you with a +0 short sword.
You die...

.........$.# ..
...........##..
#............#
..........#..
#...........
#...........
##..........
###..<†.....#
#.@K..........
###....##.K...
...........##
..#......#.....
##....#### ....
###..# . . ....
#..


You could see a kobold.

Vanquished Creatures
  An adder (D:2)
  A ball python (D:1)
  6 bats
  3 endoplasms (D:1)
  2 giant cockroaches
  4 goblins
  3 hobgoblins
  4 jackals (D:1)
  3 kobolds
  2 quokkas (D:1)
  3 frilled lizards (D:1)
  5 rats
37 creatures vanquished.

Notes
Turn   | Place    | Note
-------+----------+-------------------------------------------
     0 | Abyss:1  | PentaManta the Ghoul Abyssal Knight began the quest for the
                  | Orb.
     0 | Abyss:1  | Reached XP level 1. HP: 19/19 MP: 1/1
    12 | Abyss:1  | Found a corrupted altar of Lugonu.
    99 | D:1      | Escaped the Abyss
   264 | D:1      | Reached XP level 2. HP: 26/26 MP: 2/2
   545 | D:1      | Reached ** piety under Lugonu
   546 | D:1      | Reached skill level 1 in Dodging
   565 | D:1      | Reached XP level 3. HP: 24/33 MP: 3/3
   850 | D:1      | Reached skill level 4 in Fighting
  1360 | D:2      | Found Xubumut's Assorted Antiques.
  1427 | D:4      | Slain by a kobold

Illustrated notes

Levels and vault maps discovered:
D:1:      enne_arrival_octagon_isle, layout_basic
D:2:      layout_loops_ring, serial_shops, shop
D:3:      layout_rooms, grunt_gozag_breadcrumbs, uniq_terence, uniq_sigmund,
          uniq_ijyb
D:4:      layout_cave_pools, marbit_many_paths, kennysheep_decorative_pillar

Skill      XL: |  1  2  3 |
---------------+----------+-----
Dodging        | 1 |  1.2
Armour         | 2 |  2.0
Fighting       | 4 |  4.0
Unarmed Combat | 3 |  3.2
Invocations    | |  2.2

Action                   || total
-------------------------++-------
Melee: Unarmed           ||   131
       Punch             ||     1
Armor: Leather armour    ||    40
Dodge: Dodged            ||    80

Table legend: (Time is in decaauts)
 A = Elapsed time spent in this place.
 B = Non-inter-level travel time spent in this place.
 C = Inter-level travel time spent in this place.
 D = Time resting spent in this place.
 E = Time spent auto-exploring this place.
 F = Levels seen in this place.
 G = Mean time per level.
                   A        B        C        D        E       F      G
               +--------+--------+--------+--------+--------+-----+--------+
         Total |   1420 |   1327 |     93 |     20 |   1036 |   5 |  284.0 |
       Dungeon |   1321 |   1228 |     93 |     20 |    957 |   4 |  330.2 |
         Abyss |     99 |     99 |      0 |      0 |     79 |   1 |   99.0 |
               +--------+--------+--------+--------+--------+-----+--------+

Top non-repeatable levels by time:
     D:1: 846 daAuts
     D:2: 423 daAuts
 Abyss:1: 99 daAuts
     D:4: 35 daAuts
     D:3: 15 daAuts
